Map: Proxima Station LE

Players

Yata - Winner!

  • Race: Zerg Zerg
  • League: Silver
  • Spawn Location: 7:00

A.I. 1 (Hard)

  • Race: Protoss Protoss
  • Spawn Location: 1:00

VOD

Have the link to the VOD?

Description

Time

  • Played on: July 11, 2017, 7:06 p.m.
  • Length: 17:03
Show
View Real Time Build Order
Export as new Build Order

Yata Zerg - Winner!

Build Orders: Hatch First 

Get SALT Encoding   

  12  0:07  Drone  
  13  0:20  Overlord  
  13  0:28  Drone  
  14  0:38  Drone  
  14  0:41  Drone  
  16  0:43  Drone  
  17  1:01  Drone  
  18  1:04  Extractor  
  18  1:05  Hatchery  
  16  1:26  Drone, Spawning Pool  
  16  1:27  Drone x2  
  18  1:38  Drone  
  19  1:52  Drone  
  20  1:58  Overlord  
  20  2:15  Queen  
  22  2:18  Queen  
  24  2:24  Drone  
  24  2:25  Drone x2  
  27  2:32  Zergling x4  
  29  2:58  Drone  
  29  2:59  Drone x3  
  29  3:00  Overlord  
  29  3:02  Metabolic Boost  
  33  3:15  Lair  
  33  3:23  Hatchery  
  32  3:29  Overlord  
  32  3:48  Drone  
  32  3:49  Drone x6  
  32  3:50  Drone  
  32  3:51  Drone  
  41  3:57  Extractor  
  39  4:14  Queen  
  41  4:23  Extractor  
  40  4:25  Extractor  
  39  4:38  Evolution Chamber  
  39  4:42  Drone x11  
  49  4:58  Drone  
  49  4:59  Drone x4  
  54  5:22  Overlord  
  54  5:23  Overlord x2  
  54  5:33  Hydralisk Den  
  53  5:37  Infestation Pit  
  52  5:43  Zergling x28  
  57  6:12  Zergling x12  
  57  6:13  Zergling x8  
  60  6:19  Queen  
  54  7:12  Overlord  
  54  7:13  Overlord x2  
  54  7:17  Hive  
  54  7:18  Pneumatized Carapace  
  54  7:20  Queen  
  56  7:25  Drone x3  
  56  7:26  Drone x2  
  61  7:33  Zerg Missile Weapons Level 1  
  61  7:36  Lurker Den  
  61  7:42  Spire  
  60  8:07  Hatchery  
  59  8:20  Drone x5  
  59  8:21  Drone x3  
  67  8:33  Ultralisk Cavern  
  66  8:45  Extractor x2  
  64  9:11  Greater Spire  
  64  9:14  Mutalisk  
  64  9:15  Mutalisk x10  
  86  9:21  Overlord x2  
  86  9:27  Zerg Melee Weapons Level 1  
  85  9:37  Hydralisk x2  
  85  9:38  Hydralisk x5  
  62  10:14  Hydralisk  
  62  10:15  Hydralisk x7  
  67  10:56  Zergling x10  
  67  10:57  Zergling x18  
  64  11:21  Hatchery  
  61  11:46  Extractor x2  
  54  12:18  Ultralisk  
  54  12:19  Ultralisk x5  
  83  12:50  Queen  
  85  12:56  Drone  
  85  12:57  Drone x12  
  85  12:58  Drone x3  
  101  13:07  Zergling x2  
  101  13:08  Zergling x34  
  119  13:26  Drone  
  120  13:28  Overlord  
  120  13:29  Overlord x3  
  120  13:56  Ultralisk  
  120  13:57  Ultralisk x4  
  120  14:00  Overlord x3  
  120  14:01  Overlord x2  
  150  14:16  Zergling x4  
  152  14:21  Zergling x22  
  152  14:22  Zergling x4  
  165  14:25  Hatchery  
  130  15:04  Corruptor x10  
  131  15:41  Hatchery  
  130  15:45  Hatchery  
  121  16:20  Zergling x2  
  121  16:21  Zergling x40  
Show
View Real Time Build Order
Export as new Build Order

A.I. 1 (Hard) Protoss 

Build Orders:  

Get SALT Encoding   

  12  0:01  Probe (Chrono Boost)  
  13  0:11  Probe (Chrono Boost)  
  14  0:19  Pylon  
  14  0:22  Probe (Chrono Boost)  
  15  0:37  Probe (Chrono Boost)  
  15  0:39  Gateway  
  16  0:47  Assimilator  
  16  0:48  Probe (Chrono Boost)  
  17  0:59  Probe (Chrono Boost)  
  17  1:00  Pylon  
  18  1:09  Probe (Chrono Boost)  
  19  1:22  Probe (Chrono Boost)  
  19  1:24  Zealot  
  20  1:30  Cybernetics Core  
  22  1:43  Gateway  
  22  1:47  Assimilator  
  22  2:02  Pylon  
  22  2:03  Warp Gate  
  22  2:04  Stalker  
  24  2:34  Stalker  
  26  2:37  Stalker  
  28  2:47  Pylon  
  29  2:59  Probe (Chrono Boost)  
  29  3:03  Stalker  
  31  3:07  Zealot  
  31  3:11  Probe (Chrono Boost)  
  34  3:19  Forge  
  34  3:22  Probe (Chrono Boost)  
  35  3:32  Adept  
  38  3:34  Probe (Chrono Boost)  
  38  3:37  Stalker  
  38  3:38  Pylon  
  40  3:46  Probe (Chrono Boost)  
  41  3:58  Probe (Chrono Boost)  
  42  5:08  Protoss Ground Weapons Level 1  
  42  5:12  Sentry  
  44  5:14  Gateway  
  44  5:16  Photon Cannon  
  44  5:17  Photon Cannon  
  44  5:20  Robotics Facility, Nexus  
  44  5:21  Stalker  
  46  5:22  Pylon  
  46  5:33  Sentry  
  46  5:34  Twilight Council  
  48  5:44  Adept  
  50  6:00  Forge  
  50  6:07  Blink  
  50  6:09  Observer  
  51  6:15  Stargate  
  47  6:22  Stalker  
  49  6:27  Protoss Ground Armor Level 1  
  49  6:30  Observer  
  49  6:32  Adept  
  51  6:33  Probe (Chrono Boost)  
  51  6:34  Probe (Chrono Boost)  
  50  6:41  Zealot  
  50  6:42  Assimilator  
  50  6:44  Probe (Chrono Boost)  
  44  6:50  Zealot  
  44  6:54  Probe (Chrono Boost)  
  47  6:56  Probe (Chrono Boost)  
  47  7:00  Stalker  
  50  7:05  Probe (Chrono Boost)  
  52  7:08  Probe (Chrono Boost)  
  52  7:09  Stalker  
  54  7:17  Probe (Chrono Boost)  
  54  7:18  Stalker  
  54  7:20  Probe (Chrono Boost)  
  58  7:27  Stalker  
  58  7:29  Probe (Chrono Boost)  
  61  7:31  Probe (Chrono Boost)  
  62  7:37  Pylon  
  62  7:40  Probe (Chrono Boost)  
  62  7:41  Pylon  
  62  7:43  Probe (Chrono Boost)  
  65  7:51  Probe (Chrono Boost)  
  65  7:55  Probe (Chrono Boost)  
  66  8:01  Photon Cannon  
  66  8:02  Probe (Chrono Boost)  
  66  8:03  Photon Cannon  
  68  8:06  Probe (Chrono Boost)  
  68  8:13  Probe (Chrono Boost)  
  68  8:17  Probe (Chrono Boost)  
  70  8:24  Probe (Chrono Boost)  
  71  8:43  Assimilator  
  71  9:01  Immortal  
  71  9:09  Gateway  
  75  9:11  Zealot  
  75  9:12  Robotics Facility  
  75  9:16  Stargate, Nexus  
  77  9:17  Zealot  
  77  9:19  Pylon  
  79  9:35  Protoss Ground Weapons Level 2  
  79  9:36  Warp Prism  
  79  9:37  Protoss Ground Armor Level 2  
  81  9:54  Stalker  
  81  9:57  Warp Prism  
  79  10:00  Sentry  
  79  10:07  Stalker  
  79  10:11  Observer  
  79  10:13  Sentry  
  84  10:22  Robotics Bay  
  82  10:30  Warp Prism  
  82  10:31  Immortal  
  82  10:32  Probe (Chrono Boost)  
  82  10:33  Zealot, Probe (Chrono Boost)  
  93  10:36  Probe (Chrono Boost)  
  93  10:41  Protoss Air Weapons Level 1  
  93  10:42  Probe (Chrono Boost)  
  94  10:45  Probe (Chrono Boost)  
  94  10:47  Probe (Chrono Boost)  
  96  10:54  Stalker, Probe (Chrono Boost)  
  91  11:00  Zealot  
  91  11:04  Probe (Chrono Boost)  
  95  11:05  Probe (Chrono Boost)  
  95  11:07  Stalker, Probe (Chrono Boost)  
  95  11:08  Gravitic Drive  
  98  11:15  Pylon, Probe (Chrono Boost)  
  98  11:17  Probe (Chrono Boost)  
  98  11:18  Probe (Chrono Boost)  
  101  11:23  Pylon  
  101  11:24  Stalker  
  100  11:26  Probe (Chrono Boost)  
  100  11:30  Stalker, Probe (Chrono Boost)  
  100  11:32  Templar Archives  
  101  11:42  Assimilator  
  98  11:48  Protoss Shields Level 1  
  98  11:49  Probe (Chrono Boost)  
  98  11:51  Probe (Chrono Boost)  
  98  11:52  Probe (Chrono Boost)  
  85  11:59  Observer Gravitic Boosters, Probe (Chrono Boost)  
  85  12:02  Probe (Chrono Boost)  
  85  12:03  Probe (Chrono Boost)  
  87  12:10  Probe (Chrono Boost)  
  87  12:12  Photon Cannon  
  87  12:14  Probe (Chrono Boost)  
  87  12:15  Probe (Chrono Boost)  
  88  12:16  Dark Shrine  
  88  12:17  Assimilator  
  88  12:18  Photon Cannon  
  88  12:21  Probe (Chrono Boost)  
  86  12:25  Probe (Chrono Boost)  
  86  12:27  Probe (Chrono Boost)  
  86  12:28  Disruptor  
  88  12:31  Disruptor, Protoss Air Armor Level 1, Probe (Chrono Boost)  
  95  12:45  Fleet Beacon  
  95  12:57  Sentry  
  97  13:02  Adept  
  99  13:05  Disruptor  
  99  13:10  Disruptor  
  102  13:13  Probe (Chrono Boost)  
  102  13:17  Probe x2 (Chrono Boost)  
  108  13:24  Pylon  
  108  13:25  Tempest, Probe (Chrono Boost)  
  109  13:29  Probe x2 (Chrono Boost)  
  109  13:31  Tempest  
  123  13:34  Protoss Shields Level 2  
  123  13:37  Probe (Chrono Boost)  
  124  13:41  Nexus  
  124  13:50  Probe (Chrono Boost)  
  124  13:51  Protoss Ground Weapons Level 3  
  126  13:56  Pylon  
  126  13:57  Probe (Chrono Boost)  
  126  13:58  Probe (Chrono Boost)  
  127  14:10  Immortal  
  127  14:27  Protoss Air Weapons Level 2  
  115  15:00  Stalker  
  115  15:04  Stalker, Photon Cannon  
  86  15:09  Zealot  
  86  15:13  Stalker  
  51  15:22  Zealot  
  51  15:27  Stalker  
  51  15:28  Nexus  
  53  15:31  Zealot  
  53  15:45  Disruptor  
  56  15:50  Nexus  
  56  15:52  Stalker  
  58  15:57  Stalker  
  58  16:02  Sentry  
  62  16:06  Disruptor  
  65  16:11  Zealot  
  65  16:15  Stalker  
  57  16:19  Adept  
Tags
 
League
Silver
Matchup
PvZ
Replay Pack
Pack 1
Spawn Locations
Cross Positions
Add a new tag
Caveats
  • Supply blocks, unpowered buildings, or Contaminate may cause inaccurate times.
  • Supply counts are checked every 10 seconds.